 Dungeon Crawl Stone Soup version 0.26-a0-264-g3a471323bd (console) character file.

Game seed: 1255448004383038482

2228 Kagalorn the Fighter (level 9, 0/82 HPs)
             Began as a Hill Orc Gladiator on July 11, 2020.
             Was an Initiate of Yredelemnul.
             Slain by a killer bee (5 damage)
             ... on level 7 of the Dungeon.
             The game lasted 00:15:30 (8330 turns).

Kagalorn the Fighter (Hill Orc Gladiator)           Turns: 8330, Time: 00:15:32

Health: 0/82       AC:  7    Str: 23    XL:     9   Next: 36%
Magic:  13/13      EV: 12    Int: 17    God:    Yredelemnul [......]
Gold:   385        SH:  5    Dex: 12    Spells: 8/8 levels left

rFire    . . .     SeeInvis .   a - +0 trident
rCold    . . .     Faith    .   g - +0 buckler
rNeg     . . .     Spirit   .   H - +1 leather armour {MR+}
rPois    .         Reflect  .   c - +0 helmet
rElec    .         Harm     .   q - +0 cloak
rCorr    .                      f - +0 pair of gloves
MR       +....                  (no boots)
Stlth    +.........             (no amulet)
HPRegen  0.23/turn              h - +6 ring of strength
MPRegen  0.13/turn              M - +6 ring of intelligence

@: lethally poisoned (0 -> -10)
A: no striking features
a: Renounce Religion


You were on level 7 of the Dungeon.
You worshipped Yredelemnul.
Yredelemnul was noncommittal.
You were not hungry.

You visited 2 branches of the dungeon, and saw 8 of its levels.

You collected 385 gold pieces.

Inventory:

Hand Weapons
 a - a +0 trident (weapon)
 k - a +0 falchion
 p - a +0 mace of pain
 E - a +2 antimagic flail
Missiles
 d - 4 throwing nets (quivered)
 n - 182 stones
Armour
 c - a +0 helmet (worn)
 f - a +0 pair of gloves (worn)
 g - a +0 buckler (worn)
 q - a +0 cloak (worn)
 H - a +1 leather armour of magic resistance (worn)
Jewellery
 h - a +6 ring of strength (left hand)
 m - an uncursed ring of stealth
 o - an uncursed ring of flight
 C - an uncursed ring of positive energy
 J - an uncursed ring of positive energy
 M - a +6 ring of intelligence (right hand)
Wands
 v - a wand of paralysis (12)
 A - a wand of iceblast (7)
 G - a wand of polymorph (6)
Scrolls
 b - a scroll of fog {unknown}
 s - 2 scrolls of blinking {unknown}
 x - 3 scrolls of teleportation
 y - a scroll of remove curse
 B - 2 scrolls of enchant armour {unknown}
 F - 2 scrolls of amnesia
 I - a scroll of enchant weapon {unknown}
 K - a scroll of vulnerability {unknown}
Potions
 e - a potion of invisibility {unknown}
 i - a potion of flight {unknown}
 j - a potion of lignification
 l - 2 potions of brilliance {unknown}
 t - a potion of mutation {unknown}
 u - 2 potions of curing {unknown}
 w - a potion of haste
 z - a potion of cancellation
 D - a potion of magic
 L - a potion of ambrosia
Comestibles
 r - 21 rations


   Skills:
 + Level 8.6 Fighting
 + Level 4.8 Long Blades
 + Level 4.8 Maces & Flails
 - Level 6.0 Polearms
 - Level 1.7 Throwing
 - Level 2.4 Dodging
 - Level 4.0 Shields
 + Level 5.8 Invocations


You had 8 spell levels left.
You didn't know any spells.
Your spell library was empty.

Dungeon Overview and Level Annotations

Branches:
Dungeon (7/15)             Temple (1/1) D:5

Altars:
Ashenzari
Cheibriados
Dithmenos
Elyvilon
Fedhas
Gozag
Hepliaklqana
Kikubaaqudgha
Makhleb
Nemelex Xobeh
Okawaru
Ru
Sif Muna
Trog
Uskayaw
Vehumet
Xom
Yredelemnul
Zin
The Shining One

Annotations:
D:5 2 transporters
D:6 3 runed translucent doors, Gargoyl's ghost, novice CeAK


Message History

The killer bee is moderately wounded.
You feel sick. The killer bee stings you. x2
* * * LOW HITPOINT WARNING * * *
You closely miss the killer bee.
The killer bee is moderately wounded.
You feel sick. The killer bee stings you.
* * * LOW HITPOINT WARNING * * *
The killer bee stings you but does no damage.
You closely miss the killer bee.
The killer bee is moderately wounded.
You feel sick.
The killer bee stings you but does no damage.
You block the killer bee's attack.
You miss the killer bee.
The killer bee is moderately wounded.
You feel sick. The killer bee stings you!
* * * LOW HITPOINT WARNING * * *
The killer bee stings you.
You die...
Your body rises from the dead as a mindless zombie.

#### ########## ...#
#........# ...# ##........#
...###### #.....y...####
##......# #....@†......#
##......# #...####.....#
........####...####.....#.
...........'...+...........
...#.#######...#.##...#####
.#.#.##....#....# #...#
.#.#.##.##.###.#.#.....#
...........##.#.#.#.#.#.#
.###....##.## #.#.#.#.#.#


You could see a killer bee.

Vanquished Creatures
  A centaur skeleton (D:6)
  A hippogriff (D:7)
  A yak (D:4)
  Eustachio (D:5)
  A sky beast (D:5)
  An ogre (D:5)
  A centaur (D:5)
  2 bullfrogs (D:6)
  A scorpion (D:7)
  6 killer bees (D:7)
  A howler monkey (D:5)
  A bullfrog zombie (D:6)
  A jelly (D:6)
  An orc wizard (D:5)
  A gnoll shaman (D:6)
  An orc priest (D:5)
  2 hounds (D:6)
  Ijyb (D:4)
  Jessica (D:2)
  4 worker ants
  A howler monkey zombie (D:7)
  4 adders (D:2)
  17 gnolls
  2 shadow imps
  3 white imps
  An ufetubus (D:4)
  3 worms
  2 dart slugs
  3 leopard geckos
  22 orcs
  2 ball pythons
  7 bats
  4 giant cockroaches
  10 goblins
  9 hobgoblins
  6 jackals
  15 kobolds
  2 quokkas
  5 frilled lizards
  A giant cockroach zombie (D:5)
  A leopard gecko skeleton (D:4)
  A quokka skeleton (D:4)
  5 rats
156 creatures vanquished.

Notes
Turn   | Place    | Note
-------+----------+-------------------------------------------
     0 | D:1      | Kagalorn the Hill Orc Gladiator began the quest for the
                  | Orb.
     0 | D:1      | Reached XP level 1. HP: 18/18 MP: 1/1
   276 | D:1      | Reached XP level 2. HP: 13/25 MP: 2/2
   727 | D:2      | Reached skill level 3 in Fighting
   805 | D:2      | Reached XP level 3. HP: 14/31 MP: 3/3
  1056 | D:2      | Reached skill level 1 in Shields
  1082 | D:2      | Found a hide-covered altar of Uskayaw.
  1082 | D:2      | Noticed a +0 dagger
  1082 | D:2      | Noticed a +0 dagger
  1437 | D:2      | Reached XP level 4. HP: 24/38 MP: 4/4
  1848 | D:2      | Noticed Jessica
  1853 | D:2      | Killed Jessica
  2062 | D:3      | Reached XP level 5. HP: 40/46 MP: 5/5
  2100 | D:3      | Reached skill level 5 in Polearms
  3205 | D:4      | Reached skill level 4 in Fighting
  3761 | D:4      | Noticed Ijyb
  3788 | D:4      | Reached XP level 6. HP: 30/52 MP: 6/6
  3789 | D:4      | Paralysed by Ijyb for 7 turns
  3800 | D:4      | Killed Ijyb
  4291 | D:4      | Found a shimmering blue altar of Sif Muna.
  4612 | D:5      | Entered Level 5 of the Dungeon
  4639 | D:5      | Found a staircase to the Ecumenical Temple.
  4833 | D:5      | Reached skill level 5 in Fighting
  4835 | D:5      | Reached XP level 7. HP: 56/61 MP: 7/7
  4891 | D:5      | Reached skill level 6 in Fighting
  4909 | D:5      | Noticed a yak
  4909 | D:5      | Noticed Eustachio
  5241 | Temple   | Entered the Ecumenical Temple
  5421 | Temple   | Became a worshipper of Yredelemnul the Dark
  5503 | D:4      | Killed a yak
  5503 | D:4      | Reached skill level 1 in Long Blades
  5503 | D:4      | Reached skill level 1 in Maces & Flails
  5503 | D:4      | Reached skill level 1 in Invocations
  5840 | D:5      | Reached XP level 8. HP: 50/71 MP: 9/9
  5963 | D:5      | Found a transporter.
  5966 | D:5      | Found a transporter.
  5977 | D:5      | Found a shimmering altar of Xom.
  5978 | D:5      | Found a bloodstained altar of Trog.
  6081 | D:5      | Killed Eustachio
  6081 | D:5      | Reached skill level 7 in Fighting
  6541 | D:6      | Found a runed translucent gate.
  6541 | D:6      | Found a runed translucent gate.
  6541 | D:6      | Found a runed translucent gate.
  6757 | D:6      | Noticed Gargoyl's ghost (novice CeAK)
  6774 | D:6      | Found an iron altar of Okawaru.
  6985 | D:6      | Reached skill level 8 in Fighting
  7106 | D:6      | Found a sparkling altar of Nemelex Xobeh.
  7314 | D:6      | Reached XP level 9. HP: 76/81 MP: 12/12
  7458 | D:6      | Reached skill level 5 in Invocations
  8330 | D:7      | Slain by a killer bee

Illustrated notes

Levels and vault maps discovered:
D:1:      dpeg_arrival_shelter, layout_loops_ring
D:2:      layout_basic, dancing_weapons_uskayaw, minivault_4, uniq_jessica
D:3:      layout_loops_ring, minmay_misc_feat_cross
D:4:      corexii_shantytown, layout_basic, kennysheep_mini, first_ration,
          uniq_ijyb
D:5:      layout_loops_ring, gammafunk_temple_overflow_arena,
          minmay_temple_entry_waves, minmay_manual_mail, uniq_eustachio
D:6:      layout_cave_pools, marbit_many_paths, gammafunk_ghost_icy, basic_altar
D:7:      layout_basic, okawaru_humans
Temple:   bh_familiar_temple

Skill      XL: |  1  2  3  4  5  6  7  8  9 |
---------------+----------------------------+-----
Fighting       | 3 4 5 6 8 |  8.6
Polearms       | 4 5 6 |  6.0
Shields        | 1 2 3 4 |  4.0
Long Blades    | 1 4 |  4.8
Maces & Flails | 1 4 |  4.8
Invocations    | 2 4 5 |  5.8
Throwing       | |  1.7
Dodging        | |  2.4

Action                   |  1- 3 |  4- 6 |  7- 9 || total
-------------------------+-------+-------+-------++-------
Melee: Trident           |   102 |   294 |   242 ||   638
       Falchion          |       |       |    23 ||    23
       Unarmed           |       |       |     5 ||     5
  Use: Potion            |       |     1 |     1 ||     2
       Scroll            |       |       |     8 ||     8
 Stab: Sleeping          |     1 |    14 |     1 ||    16
       Distracted        |       |     1 |       ||     1
  Eat: Ration            |     1 |     3 |     3 ||     7
Armor: Leather armour    |    31 |    55 |    59 ||   145
       Skin              |       |       |     7 ||     7
Dodge: Dodged            |    52 |   126 |   141 ||   319
Block: Buckler           |     7 |    48 |    60 ||   115
       Rpst.: Falchion   |       |       |     3 ||     3

Table legend:
 A = Non-vault XP
 B = Vault XP
 C = Vault XP percentage of total XP
 D = Non-vault monster count
 E = Vault monster count
 F = Vault count percentage of total count
                 A         B        C        D         E       F
            +---------+---------+-------+---------+---------+-------
      Total |    2515 |     668 |  21.0 |     123 |      33 |  21.2
            +---------+---------+-------+---------+---------+-------
        D:1 |      24 |       0 |   0.0 |      11 |       0 |   0.0
        D:2 |     105 |      37 |  26.1 |      28 |       1 |   3.4
        D:3 |      70 |       0 |   0.0 |      24 |       0 |   0.0
        D:4 |     114 |     360 |  75.9 |      14 |      29 |  67.4
        D:5 |     537 |     271 |  33.5 |      20 |       3 |  13.0
        D:6 |     919 |       0 |   0.0 |      14 |       0 |   0.0
        D:7 |     746 |       0 |   0.0 |      12 |       0 |   0.0
            +---------+---------+-------+---------+---------+-------
